[Event "Early-Titled-Tuesday-Blitz-November-28-2023"]
[Site "Chess.com"]
[Date "2023.11.28"]
[Round "5"]
[White "DarZay"]
[Black "amanjazu"]
[Result "1-0"]
[WhiteElo "2250"]
[BlackElo "2391"]
[TimeControl "180+1"]
[EndTime "8:57:47 PST"]
[Termination "DarZay won by checkmate"]

1. e4 e6 2. d4 d5 3. Bd3 Nf6 4. e5 Nfd7 5. f4 c5 6. c3 Nc6 7. Nf3 Qb6 8. Bc2 f6 9. O-O cxd4 10.
cxd4 Be7 11. Nc3 O-O 12. Kh1 f5 13. Rb1 Nb4 14. Bb3 Nb8 15. a3 N4c6 16. Be3 Bd7 17. Rg1 Na5 18. Bc2 Nc4 19. Bf2 Nc6 20. g4 fxg4 21. Rxg4 Rf7 22. f5 Raf8 23. Ng5 Rxf5 24. Bxf5 Rxf5 25. Qg1 Qd8 26. Nxh7 Kxh7 27. Rxg7+ Kh8 28.
Qg6 Rh5 29. Qxh5+ Kxg7 30. Rg1+ Kf8 31. Qh8+ Kf7 32. Rg7# 1-0

[Event "Early-Titled-Tuesday-Blitz-November-28-2023"]
[Site "Chess.com"]
[Date "2023.11.28"]
[Round "5"]
[White "Mouse-Sleep"]
[Black "ljuks68"]
[Result "0-1"]
[WhiteElo "2567"]
[BlackElo "2440"]
[TimeControl "180+1"]
[EndTime "8:57:49 PST"]
[Termination "ljuks68 won by resignation"]

1. Nf3 d5 2. d4 Nf6 3. c4 c6 4. Nc3 dxc4 5. e4 b5 6. e5 Nd5 7. a4 h6 8. axb5 Nxc3 9. bxc3 cxb5 10. Nh4 Be6 11. Be2 Bd5 12. Bf3 e6 13. Bxd5 Qxd5 14. O-O b4 15. cxb4 Nc6 16. Be3 Bxb4 17. Qg4 g6 18.
Rfd1 a5 19. f4 c3 20. Nxg6 fxg6 21. Qxg6+ Kd7 22. f5 Rag8 23. Qf7+ Ne7 24. fxe6+ Qxe6 25. Qf1 Nd5 26. Qb5+ Qc6 27. e6+ Kc7 28. Rxa5 Qxb5 29. Rxb5 c2 30. Rc1 Nxe3 31. Rxb4 Rb8 32. Rxb8 Rxb8 33. Kf2 Rb1 34. Kxe3 Rxc1 35. Kd2 Rg1 36. Kxc2 Rxg2+ 37. Kd3 Rxh2 38. Ke4 Kd6 39. Kf5 Rf2+ 40. Kg6 Kxe6 41. Kxh6 Rd2 0-1

[Event "Early-Titled-Tuesday-Blitz-November-28-2023"]
[Site "Chess.com"]
[Date "2023.11.28"]
[Round "5"]
[White "Viacheslav92"]
[Black "Ron_Weasley_Chess"]
[Result "0-1"]
[WhiteElo "2554"]
[BlackElo "2417"]
[TimeControl "180+1"]
[EndTime "8:57:49 PST"]
[Termination "Ron_Weasley_Chess won by resignation"]

1. e4 c6 2. d4 d5 3. Nc3 dxe4 4. Nxe4 Nf6 5. Nxf6+ exf6 6. Bd3 Bd6 7. Qh5 Be6 8. Nf3 Qc7 9. O-O Nd7 10. Re1 O-O-O 11.
c4 g6 12. Qh6 Bg4 13. Qh4 h5 14. h3 g5 15. Nxg5 fxg5 16. Bxg5 Rdg8 17. c5 Bf4 18. Be7 Bf3 19. g3 f6 20. Bxf6 Nxf6 21.
Qxf6 h4 22. Re7 Qd8 23. Qf5+ Kb8 24. Qxf4+ Ka8 25. Rae1 hxg3 26. Re8 gxf2+ 27. Kxf2 Rxe8 28. Rxe8 Rxe8 29. Qxf3 Rf8 30. Bf5 Qxd4+ 31. Kg2 Qg7+ 32. Qg4 Qxb2+ 33. Kg3 Qe5+ 34. Qf4 Qxf5 0-1

[Event "Early-Titled-Tuesday-Blitz-November-28-2023"]
[Site "Chess.com"]
[Date "2023.11.28"]
[Round "5"]
[White "DawidCzerw"]
[Black "zeitnotakrobat"]
[Result "1-0"]
[WhiteElo "2536"]
[BlackElo "2398"]
[TimeControl "180+1"]
[EndTime "8:57:49 PST"]
[Termination "DawidCzerw won by resignation"]

1. e4 c5 2. Nf3 e6 3. d4 cxd4 4. Nxd4 a6 5. Nc3 Qc7 6. Qf3 Nf6 7. Qg3 Qxg3 8. hxg3 Bb4 9. f3 d5 10. e5 Nfd7 11. f4 Nc6 12. Be3 Nc5 13. Bd3 Nxd3+ 14. cxd3 Bd7 15. Ke2 Rc8 16. Rac1 Ke7 17. g4 h6 18.
Nxc6+ Bxc6 19. Bd4 Rhd8 20. f5 Kf8 21. f6 b5 22. Rh5 Ba5 23. g5 b4 24. gxh6 gxh6 25.
Rxh6 Ke8 26. Nb1 Bb5 27. Rxc8 Rxc8 28. Rh8+ Kd7 29. Rxc8 Kxc8 30. b3 Bc7 31. Nd2 a5 32. Nf3 Kd8 33. Bc5 Ke8 34. g4 Ba6 35. g5 Bb5 36. g6 fxg6 37. Ng5 Bxe5 38. f7+ 1-0

[Event "Early-Titled-Tuesday-Blitz-November-28-2023"]
[Site "Chess.com"]
[Date "2023.11.28"]
[Round "5"]
[White "IM_ArthurDW08"]
[Black "MatthewG-p4p"]
[Result "0-1"]
[WhiteElo "2787"]
[BlackElo "2949"]
[TimeControl "180+1"]
[EndTime "8:57:50 PST"]
[Termination "MatthewG-p4p won by resignation"]

1. e4 e6 2. d4 d5 3. Nc3 Bb4 4. Ne2 Nf6 5. e5 Nfd7 6. a3 Be7 7. f4 c5 8. Be3 Nc6 9. Qd2 O-O 10. h4 b6 11. h5 Ba6 12. O-O-O Na5 13. Bg1 Rc8 14. g4 f6 15. f5 fxe5 16. fxe6 Bg5 17. Be3 Bxe3 18.
Qxe3 cxd4 19. Nxd4 exd4 20. Qxd4 Nc5 21. Bxa6 Nab3+ 22.
cxb3 Nxb3+ 23. Kb1 Nxd4 24. Rxd4 Qf6 25. Rhd1 Rxc3 26. bxc3 Qxe6 27. Bb7 Qe7 28. Bxd5+ Kh8 29. Ka2 b5 30. Bb3 a5 31. a4 bxa4 32. Bxa4 Qc5 33.
Rd8 Qf2+ 34. R1d2 Qf6 35. Rxf8+ Qxf8 36. c4 g6 37. hxg6 hxg6 38. Bb5 Qb4 39. Rd7 a4 40.
Ra7 Qb3+ 41. Ka1 a3 0-1

[Event "Early-Titled-Tuesday-Blitz-November-28-2023"]
[Site "Chess.com"]
[Date "2023.11.28"]
[Round "5"]
[White "zajka-molotok"]
[Black "JaloliddinIlkhomi"]
[Result "0-1"]
[WhiteElo "2496"]
[BlackElo "2707"]
[TimeControl "180+1"]
[EndTime "8:57:53 PST"]
[Termination "JaloliddinIlkhomi won by resignation"]

1. e4 e6 2. d4 d5 3. exd5 exd5 4. Nf3 Bd6 5. Bd3 Ne7 6. O-O Nbc6 7. c3 O-O 8. Qc2 h6 9. Re1 Bg4 10. Ne5 Nxe5 11. dxe5 Bc5 12. Nd2 Qd7 13. Nb3 Bb6 14. Be3 Bf5 15. Rad1 Bxd3 16. Qxd3 Bxe3 17. Rxe3 b6 18. c4 Rad8 19. Qd2 c5 20. cxd5 Qxd5 21.
Qxd5 Rxd5 22. Rxd5 Nxd5 23. Rd3 Nb4 24. Rd7 a5 25. a3 Nc2 26. a4 g5 27. g3 g4 28. Kg2 Re8 29. Rd5 Nb4 30. Rd6 Rxe5 31. Rxb6 Re2 32. Nxc5 Nd5 33. Kf1 Rc2 34. Nb7 Nxb6 0-1

[Event "Early-Titled-Tuesday-Blitz-November-28-2023"]
[Site "Chess.com"]
[Date "2023.11.28"]
[Round "5"]
[White "YouShallNotPass001"]
[Black "averageFM"]
[Result "0-1"]
[WhiteElo "2452"]
[BlackElo "2613"]
[TimeControl "180+1"]
[EndTime "8:57:53 PST"]
[Termination "averageFM won by resignation"]

1. Nf3 Nf6 2. e3 d5 3. Be2 e6 4. O-O Be7 5. d4 O-O 6. c4 b6 7. Nc3 Ba6 8. cxd5 Bxe2 9. Qxe2 exd5 10. Ne5 c5 11. Rd1 cxd4 12. Rxd4 Qc7 13. Nf3 Nc6 14. Rd1 Rad8 15. b3 Ne4 16. Bb2 Nxc3 17. Bxc3 Rfe8 18. Qb2 f6 19. Rac1 Qd6 20. Rc2 Qe6 21.
Rcd2 a5 22. Nd4 Nxd4 23. Bxd4 Bb4 24. Bc3 Bc5 25. g3 h5 26. Bd4 Bb4 27. Rd3 h4 28.
Qe2 h3 29. Qh5 Rc8 30. g4 Rc2 31. Qxh3 Rxa2 32. Qf3 Qe4 33. Kg2 Rc8 34. Bxb6 Rcc2 35. Qxe4 Rxf2+ 36. Kh3 Rxh2+ 37. Kg3 dxe4 38. Rd8+ Kh7 39.
Kf4 Rhg2 40. Rh1+ Kg6 41. Rh4 Be1 42. Rh1 Raf2+ 43. Kxe4 Rxg4+ 44. Kd5 Rd2+ 45. Bd4 Bf2 46. Re8 Bxe3 47. Rxe3 Rgxd4+ 48. Kc5 R4d3 49. Rg1+ Kf7 50. Rxd3 Rxd3 51. Kc4 Re3 52. Ra1 Re5 53. Rd1 g5 54. Rd7+ Kg6 55. Kd4 Kf5 56. Rd8 g4 57. Rg8 Kf4 58. Rg6 f5 59. Rg8 Re4+ 60. Kd3 g3 61. Rg7 Kf3 62. Rf7 g2 63. Rxf5+ Rf4 64.
Rg5 Rg4 65. Rf5+ Kg3 0-1

[Event "Early-Titled-Tuesday-Blitz-November-28-2023"]
[Site "Chess.com"]
[Date "2023.11.28"]
[Round "5"]
[White "GKARU"]
[Black "kkpanu9"]
[Result "1-0"]
[WhiteElo "2524"]
[BlackElo "2065"]
[TimeControl "180+1"]
[EndTime "8:57:53 PST"]
[Termination "GKARU won on time"]

1. d4 Nf6 2. Nf3 e6 3. Bg5 Be7 4.
Nbd2 d5 5. e3 h6 6. Bh4 b6 7. c4 Bb7 8. Bxf6 Bxf6 9. cxd5 exd5 10. Qa4+ Qd7 11. Bb5 c6 12. Bd3 O-O 13. O-O Qe7 14.
Rfc1 Nd7 15. b4 b5 16. Qb3 Nb6 17. a3 a5 18. e4 axb4 19. e5 Bg5 20. Nxg5 Qxg5 21.
Nf3 Qe7 22. axb4 Nc4 23. h3 Rfb8 24. Bc2 Bc8 25. Kh2 Ra7 26. Rxa7 Qxa7 27. Qd3 g6 28. g4 Ra8 29. Rb1 Qa3 30. Rb3 Qc1 31. Kg3 Ra2 32. Rc3 Ra1 33. h4 Qh1 34. h5 g5 35. Qh7+ Kf8 36. Qxh6+ Ke8 37. Qxg5 Rg1+ 38. Nxg1 Qxg1+ 39. Kf3 Qh1+ 40. Ke2 Qg2 41. Qg8+ Kd7 42. Qxf7+ Kd8 43. Qf8+ Kc7 44. Qg7+ Kb8 45. Rg3 1-0

[Event "Early-Titled-Tuesday-Blitz-November-28-2023"]
[Site "Chess.com"]
[Date "2023.11.28"]
[Round "5"]
[White "Igor_Lysyj"]
[Black "GeorgiosSouleidis"]
[Result "1/2-1/2"]
[WhiteElo "2818"]
[BlackElo "2630"]
[TimeControl "180+1"]
[EndTime "8:57:54 PST"]
[Termination "Game drawn by repetition"]

1. d4 Nf6 2. c4 g6 3. Nc3 Bg7 4.
e4 d6 5. Nf3 O-O 6. Be3 Ng4 7.
Bg5 h6 8. Bh4 Nc6 9. d5 Nce5 10.
Nxe5 Nxe5 11. Be2 g5 12. Bg3 e6 13. O-O exd5 14. exd5 Ng6 15. Bh5 Bd7 16. Re1 Qf6 17. Qb3 b6 18. Nb5 Bxb5 19. cxb5 Qxb2 20. Rac1 Qxb3 21. axb3 Rfe8 22. Rxe8+ Rxe8 23. Kf1 Re7 24. Rc2 Kf8 25. Ra2 Bc3 26. Be2 Ba5 27. b4 Bxb4 28. Rxa7 Nf4 29. Bxf4 gxf4 30. g3 fxg3 31. hxg3 Kg7 32. Ra4 Bc3 33. Rc4 Bb2 34. Bd3 Ba3 35.
Re4 Rxe4 36. Bxe4 Kf6 37. f4 Bb4 38. Kg2 Be1 39. Kf3 Kg7 40. Bf5 Kf6 41. Be4 Kg7 42. Bf5 Kf6 43. Be4 1/2-1/2

[Event "Early-Titled-Tuesday-Blitz-November-28-2023"]
[Site "Chess.com"]
[Date "2023.11.28"]
[Round "5"]
[White "Zavgorodniy_Sergiy"]
[Black "TigrVShlyape"]
[Result "1/2-1/2"]
[WhiteElo "2699"]
[BlackElo "2968"]
[TimeControl "180+1"]
[EndTime "8:57:55 PST"]
[Termination "Game drawn by repetition"]

1. e4 c5 2. Nf3 e6 3. d3 b6 4. g3 Bb7 5. Bg2 d6 6. O-O Be7 7.
c3 Nd7 8. Re1 Ngf6 9. Bg5 O-O 10.
Nbd2 h6 11. Bxf6 Nxf6 12. d4 cxd4 13. cxd4 Rc8 14. d5 exd5 15. Nd4 dxe4 16. Nxe4 Nxe4 17. Bxe4 Bxe4 18. Rxe4 d5 19. Re3 Bf6 20. Rd3 Re8 21.
Qf3 Rc5 22. Rad1 Qc8 23. Kg2 Re5 24. b3 a5 25. a4 h5 26. h4 Qg4 27. Nb5 Qxf3+ 28.
Kxf3 g6 29. Kg2 Kg7 30. Nc3 d4 31. Nb5 Rf5 32. Nxd4 Bxd4 33. Rxd4 Rc2 34. R1d2 Rxd2 35. Rxd2 b5 36. Rd6 bxa4 37. bxa4 Rc5 38. Ra6 Rf5 39.
Ra7 Rc5 40. Ra6 Rf5 41. Ra7 Rc5 42. Ra6 1/2-1/2

[Event "Early-Titled-Tuesday-Blitz-November-28-2023"]
[Site "Chess.com"]
[Date "2023.11.28"]
[Round "5"]
[White "Mourinho_Jose"]
[Black "belisarius64"]
[Result "1/2-1/2"]
[WhiteElo "2542"]
[BlackElo "2707"]
[TimeControl "180+1"]
[EndTime "8:57:55 PST"]
[Termination "Game drawn by repetition"]

1. Nf3 d5 2. g3 Nf6 3. Bg2 b6 4. c4 e6 5. O-O Bb7 6. d4 Be7 7. Nc3 O-O 8. Ne5 c6 9. e4 Nbd7 10. Nxd7 Qxd7 11. e5 Ne8 12. cxd5 cxd5 13. f4 f5 14. exf6 Bxf6 15. Re1 Nd6 16. Be3 Rac8 17.
Bf2 Ba6 18. Rxe6 Ne4 19. Bh3 Nxf2 20. Kxf2 Rc6 21. Rxf6 Qxh3 22. Rxc6 Qxh2+ 23. Kf3 Re8 24. Rc1 Qh5+ 25. Kf2 Qh2+ 26. Kf3 Qh5+ 27. Kg2 Be2 28.
Nxe2 Rxe2+ 29. Qxe2 Qxe2+ 30. Kh3 h5 31. Rg6 Kh7 32. Rg5 g6 33. Rc7+ Kh6 34. Rc6 Qf1+ 35. Kh2 Qf2+ 36. Kh3 Qf1+ 37. Kh2 Qe2+ 38. Kh3 Qf1+ 1/2-1/2

[Event "Early-Titled-Tuesday-Blitz-November-28-2023"]
[Site "Chess.com"]
[Date "2023.11.28"]
[Round "5"]
[White "wonderfultime"]
[Black "Krakozia"]
[Result "1-0"]
[WhiteElo "3081"]
[BlackElo "2954"]
[TimeControl "180+1"]
[EndTime "8:57:58 PST"]
[Termination "wonderfultime won on time"]

1. d4 d5 2. Nf3 Nf6 3. Bf4 c5 4. c3 cxd4 5. cxd4 Nc6 6. Nc3 Nh5 7. Be5 f6 8. Bg3 e6 9. e3 g6 10. Rc1 Nxg3 11. hxg3 Bg7 12. Bd3 Ke7 13. O-O Bd7 14. e4 Re8 15. exd5 exd5 16. Nxd5+ Kf8 17. Qb3 Be6 18.
Qa3+ Kg8 19. Nf4 Bf7 20. d5 Bf8 21. Qb3 Ne5 22. Nxe5 Rxe5 23. Bc4 Qb6 24. Qf3 Bd6 25.
Ne6 Rf5 26. Qd3 Qxb2 27. Bb3 Qa3 28. g4 Bxe6 29. dxe6 Re5 30. f4 Ra5 31. Kh1 Be7 32. Rc7 Kf8 33. Qh3 Kg7 34. g5 f5 35. Qc3+ Kg8 36.
Rxe7 Qxe7 37. Qxa5 Rc8 38. Qe5 1-0

[Event "Early-Titled-Tuesday-Blitz-November-28-2023"]
[Site "Chess.com"]
[Date "2023.11.28"]
[Round "5"]
[White "guillembaches"]
[Black "AlexTruskavetsky"]
[Result "0-1"]
[WhiteElo "2522"]
[BlackElo "2480"]
[TimeControl "180+1"]
[EndTime "8:57:59 PST"]
[Termination "AlexTruskavetsky won on time"]

1. d4 Nf6 2. Nf3 e6 3. Bg5 d5 4. Nbd2 Be7 5. e3 Ne4 6. Bxe7 Qxe7 7. Bd3 f5 8. O-O Nd7 9. c4 c6 10. Rb1 O-O 11. b4 Nc3 12. Qb3 Nxb1 13. Rxb1 a5 14.
b5 a4 15. Qc3 g5 16. c5 g4 17.
Ne5 Nxe5 18. dxe5 Bd7 19. b6 h5 20. g3 h4 21. Qd4 hxg3 22. hxg3 Kg7 23. Kf1 Rh8 24. Ke2 Ra5 25. Rc1 Raa8 26. a3 Rh2 27. Nf1 Rh1 28. Rb1 Ra5 29. Rc1 Qg5 30. Rb1 Qh6 31.
Ke1 Rg1 32. Rb4 Qg5 33. Rxa4 Rxa4 34. Qxa4 Qe7 35. Qd4 Rh1 36. a4 Rh8 37. a5 Ra8 38. Qc3 Bc8 39. Qb4 Kf8 40. Nd2 Qg7 41. Qc3 Qh7 42.
Nb3 Qh1+ 43. Bf1 Qe4 44. a6 bxa6 45. Na5 Qb1+ 46. Kd2 Qxf1 47. b7 Bxb7 48. Nxb7 Qxf2+ 0-1

[Event "Early-Titled-Tuesday-Blitz-November-28-2023"]
[Site "Chess.com"]
[Date "2023.11.28"]
[Round "5"]
[White "jup1978"]
[Black "Andrii_Prydun"]
[Result "1-0"]
[WhiteElo "2533"]
[BlackElo "2382"]
[TimeControl "180+1"]
[EndTime "8:57:59 PST"]
[Termination "jup1978 won on time"]

1. d4 Nf6 2. c4 e6 3. Nf3 d5 4. g3 Be7 5. Bg2 O-O 6. O-O Nbd7 7.
Nfd2 c6 8. Nc3 a6 9. e4 b5 10. e5 Ne8 11. c5 f6 12. f4 f5 13. Nf3 a5 14. h3 b4 15. Ne2 Ba6 16. Kh2 Qb8 17.
Be3 Qb5 18. Rf2 Qd3 19. Qc1 g6 20. Bf1 Qb5 21. Neg1 Qb7 22. Qd2 Bxf1 23. Raxf1 Ng7 24. g4 Rf7 25. Rg2 Qb5 26. Ne2 Qc4 27. b3 Qb5 28.
Ng3 Kh8 29. Rfg1 a4 30. gxf5 Nxf5 31. Nxf5 Rxf5 32. Qd1 axb3 33. axb3 Ra3 34. Ne1 Nb8 35. Nd3 Qa5 36. Bc1 Ra2 37. Nb2 Na6 38. Na4 Rxg2+ 39. Rxg2 Qb5 40. Be3 Bf8 41. Qg4 Be7 42. Bf2 Qb8 43.
Bh4 Qd8 44. Bxe7 Qxe7 45. Nb6 Nc7 46. Nc8 Qd8 47. Nd6 Rf8 48. h4 Qe7 49. h5 Qg7 50.
hxg6 Qh6+ 51. Kg1 Qxg6 52. Qh4 Qb1+ 53. Kh2 Nb5 54. Qe7 1-0

[Event "Early-Titled-Tuesday-Blitz-November-28-2023"]
[Site "Chess.com"]
[Date "2023.11.28"]
[Round "5"]
[White "deepfear"]
[Black "Laico"]
[Result "0-1"]
[WhiteElo "1919"]
[BlackElo "2334"]
[TimeControl "180+1"]
[EndTime "8:58:00 PST"]
[Termination "Laico won on time"]

1. e4 e6 2. Nf3 d5 3. e5 c5 4. b4 Nc6 5. bxc5 d4 6. Bb5 Bxc5 7. O-O Ne7 8. c3 O-O 9. Bb2 d3 10. Na3 Qa5 11. Qb3 Rd8 12. Nc4 Qc7 13. a4 Nf5 14.
Bxc6 Qxc6 15. Ba3 h5 16. Bxc5 Qxc5 17. Ne3 Ne7 18. Nd4 b6 19. Qb1 Bb7 20. Qxd3 Qxe5 21. Qb5 Qf4 22. Qe2 h4 23. g3 Qh6 24. f3 hxg3 25.
hxg3 e5 26. Ndf5 Nxf5 27. Nxf5 Qf6 28. Ne3 Rd7 29. Ng4 Qg5 30. Qxe5 Qxd2 31. Rad1 Qxd1 32. Rxd1 Rxd1+ 33. Kf2 Rad8 34. Ke3 R1d3+ 35. Kf4 Rxf3+ 36. Kg5 f6+ 37. Nxf6+ gxf6+ 38. Qxf6 Rxf6 39. Kxf6 Rd3 0-1

[Event "Early-Titled-Tuesday-Blitz-November-28-2023"]
[Site "Chess.com"]
[Date "2023.11.28"]
[Round "5"]
[White "Mystery2007"]
[Black "queen_iryna"]
[Result "1-0"]
[WhiteElo "2556"]
[BlackElo "2321"]
[TimeControl "180+1"]
[EndTime "8:58:01 PST"]
[Termination "Mystery2007 won on time"]

1. Nf3 d6 2. b3 e5 3. d3 f5 4.
Bb2 Nf6 5. g3 Nc6 6. Bg2 g6 7.
O-O Bg7 8. c4 O-O 9. Nbd2 f4 10.
a3 h6 11. e3 g5 12. exf4 gxf4 13. Nh4 Bg4 14. Qc2 Qd7 15. b4 Bh3 16. Rae1 Bxg2 17.
Kxg2 Rae8 18. Ne4 Nxe4 19. Rxe4 fxg3 20. hxg3 Ne7 21. Qe2 Kh7 22. Qh5 Qe6 23. Bc1 Qf7 24.
Qe2 Nf5 25. Nxf5 Qxf5 26. Rh4 c6 27. Rfh1 Re6 28. Be3 Ref6 29. Bxa7 c5 30. Rf1 Qf3+ 31. Qxf3 Rxf3 32. bxc5 dxc5 33. Bxc5 R8f7 34. Be3 e4 35. Rxe4 R3f6 36. c5 Ra6 37. a4 Rf5 38. Rc4 Rd5 39.
d4 Ra8 40. Rb1 1-0

[Event "Early-Titled-Tuesday-Blitz-November-28-2023"]
[Site "Chess.com"]
[Date "2023.11.28"]
[Round "5"]
[White "Alexander_Donchenko"]
[Black "TRadjabov"]
[Result "1/2-1/2"]
[WhiteElo "2886"]
[BlackElo "3023"]
[TimeControl "180+1"]
[EndTime "8:58:02 PST"]
[Termination "Game drawn by repetition"]

1. Nf3 Nf6 2. g3 e6 3. Bg2 d5 4.
O-O Be7 5. c4 O-O 6. b3 b6 7.
Bb2 Bb7 8. e3 c5 9. cxd5 Nxd5 10. Nc3 Nxc3 11. dxc3 Nd7 12. Qc2 Qc7 13. Rfd1 Rfd8 14.
c4 Bf6 15. Rd2 Bxb2 16. Qxb2 Nf6 17. Rad1 h6 18. Qe5 Qe7 19. Rd6 Ne8 20. R6d2 Nf6 21.
Rd6 Ne8 22. R6d2 Rxd2 23. Rxd2 Rd8 24. Rxd8 Qxd8 25. Ne1 Bxg2 26. Kxg2 Nf6 27. Nf3 Qa8 28. h3 Ne4 29. Kg1 Nf6 30. Nd2 Qb7 31. Qd6 Qd7 32. Ne4 Qxd6 33. Nxd6 Nd7 34. Kf1 Kf8 35. Ke2 a6 36. f4 Ke7 37. Ne4 f5 38. Nc3 Kd6 39. e4 g6 40. Ke3 Kc6 41. g4 Nf6 42. Kf3 b5 43. exf5 exf5 44. gxf5 gxf5 45. Nd1 bxc4 46. bxc4 Kd6 47. Nc3 Kc6 48. Nd1 Kd6 49. Nc3 Kc6 50.
Nd1 1/2-1/2

[Event "Early-Titled-Tuesday-Blitz-November-28-2023"]
[Site "Chess.com"]
[Date "2023.11.28"]
[Round "5"]
[White "NowInChess"]
[Black "emeli_chess"]
[Result "0-1"]
[WhiteElo "2169"]
[BlackElo "2379"]
[TimeControl "180+1"]
[EndTime "8:58:02 PST"]
[Termination "emeli_chess won on time"]

1. e4 c5 2. d3 d5 3. Nd2 Nc6 4.
Ngf3 e5 5. g3 d4 6. Nc4 Bd6 7.
Bg2 Bc7 8. a4 h6 9. h4 Nf6 10.
Bd2 Be6 11. b3 O-O 12. O-O b6 13. Qe2 a6 14. Nh2 b5 15. axb5 axb5 16. Na3 Rb8 17. f4 exf4 18. gxf4 Re8 19. Qf2 Ng4 20. Nxg4 Bxg4 21.
Rae1 f5 22. exf5 Ne7 23. Qg3 h5 24. f6 Nf5 25. Rxe8+ Qxe8 26. Bd5+ Kh7 27. Qf2 gxf6 28. Be4 Kh8 29. Re1 Qd7 30. Qh2 Rg8 31. Kh1 Nd6 32. Qf2 Nxe4 33. Rxe4 Qc6 34. Kh2 Bf5 35. Re7 Bd6 0-1

[Event "Early-Titled-Tuesday-Blitz-November-28-2023"]
[Site "Chess.com"]
[Date "2023.11.28"]
[Round "5"]
[White "Oleksandr_Bortnyk"]
[Black "Kirill_Klukin"]
[Result "1-0"]
[WhiteElo "3064"]
[BlackElo "2853"]
[TimeControl "180+1"]
[EndTime "8:58:05 PST"]
[Termination "Oleksandr_Bortnyk won by resignation"]

1. e4 c5 2. c3 g6 3. d4 cxd4 4. cxd4 d5 5. exd5 Bg7 6. Nc3 Nf6 7. Bc4 O-O 8. Nge2 Nbd7 9. Nf4 Nb6 10. Bb3 Bf5 11.
O-O Rc8 12. Re1 Qd7 13. h3 g5 14. Nd3 h6 15. Nc5 Qc7 16. Qf3 Bg6 17. Nb5 Qd8 18.
d6 exd6 19. Nxb7 Qd7 20. N5xd6 Rc6 21. Qg3 Nh5 22. Qg4 Rxd6 23. Nxd6 Qxd6 24. Be3 Nf6 25. Qe2 Nfd5 26. Rac1 Nf4 27. Qb5 Nd3 28. Rc6 Qd7 29. Rd1 Rd8 30. a4 Be4 31. d5 Nxb2 32. Bxb6 axb6 33.
Rd2 Be5 34. Rxb6 Qxb5 35. Rxb5 Nd3 36. a5 Bc3 37. Re2 Bf5 38. a6 Bd4 39. d6 Nf4 40. Rd2 Ba7 41. Rxf5 Ng6 42. Rxf7 1-0

[Event "Early-Titled-Tuesday-Blitz-November-28-2023"]
[Site "Chess.com"]
[Date "2023.11.28"]
[Round "5"]
[White "sokidze"]
[Black "Burovic00"]
[Result "1-0"]
[WhiteElo "2751"]
[BlackElo "2558"]
[TimeControl "180+1"]
[EndTime "8:58:05 PST"]
[Termination "sokidze won by resignation"]

1. d4 d6 2. e4 g6 3. Nc3 Bg7 4. g3 b6 5. Bg2 Bb7 6. Nge2 Nd7 7. O-O e5 8. a4 a6 9. b3 Ngf6 10. dxe5 dxe5 11. Ba3 Bf8 12. Bb2 Bg7 13. Nd5 O-O 14.
Qc1 c6 15. Nxf6+ Qxf6 16. Qe3 Rfd8 17. Rfd1 Nc5 18. Rxd8+ Qxd8 19. a5 Nd7 20. Rd1 Qc7 21. Bh3 Nc5 22. axb6 Qxb6 23. Ba3 Bf8 24. b4 Na4 25. Qb3 c5 26. Rd7 c4 27. Qxc4 Qf6 28.
Rxb7 Rd8 29. Rxf7 Rd1+ 30. Kg2 Qxf7 31. Be6 Nb6 32. Bxf7+ Kg7 33. Qe6 Rd7 34. Be8 Re7 35. Qxb6 Rxe8 36. Qxa6 Re7 37. Nc3 Rf7 38. Nd5 Bd6 39.
Qxd6 1-0

[Event "Early-Titled-Tuesday-Blitz-November-28-2023"]
[Site "Chess.com"]
[Date "2023.11.28"]
[Round "5"]
[White "Ariadna_Atreides"]
[Black "OneTrickPony_82"]
[Result "0-1"]
[WhiteElo "2201"]
[BlackElo "2414"]
[TimeControl "180+1"]
[EndTime "8:58:05 PST"]
[Termination "OneTrickPony_82 won on time"]

1. d4 Nf6 2. Nf3 d5 3. e3 c5 4.
dxc5 e6 5. a3 a5 6. c4 Bxc5 7. Nc3 O-O 8. cxd5 exd5 9. Bd3 Nc6 10. h3 Re8 11. O-O Ba7 12. Nb5 Bb8 13. b3 Ne4 14.
Bb2 Qe7 15. Rc1 Ra6 16. Nc3 Nxc3 17. Bxc3 Ra8 18. Bb1 Qxa3 19. Qd3 g6 20. Qxd5 Be6 21. Qd2 Rd8 22. Nd4 Nxd4 23. Bxd4 Qd6 24. f4 Ba7 25. Rfd1 Bxb3 26. Bc2 Bxc2 27. Qxc2 Bxd4 28. Rxd4 Qe7 29. Rxd8+ Rxd8 30. e4 b5 31. f5 Qe5 32. Rf1 a4 33.
Qc1 Qxe4 34. f6 Qd4+ 35. Kh1 Qd2 36. Qc7 h5 37. Qb7 Qd7 38. Qf3 b4 39. Qf4 Qd6 40. Qh6 Qf8 41. Qf4 Rb8 0-1

[Event "Early-Titled-Tuesday-Blitz-November-28-2023"]
[Site "Chess.com"]
[Date "2023.11.28"]
[Round "5"]
[White "masterofpuppets2"]
[Black "ammarzooqi"]
[Result "1-0"]
[WhiteElo "2503"]
[BlackElo "2341"]
[TimeControl "180+1"]
[EndTime "8:58:06 PST"]
[Termination "masterofpuppets2 won by resignation"]

1. d4 Nf6 2. c4 e6 3. Nf3 b6 4. g3 Bb7 5. Bg2 Be7 6. O-O O-O 7. Nc3 d5 8. cxd5 Nxd5 9. Qc2 c5 10. Nxd5 Bxd5 11.
e4 Bb7 12. Rd1 Nd7 13. d5 exd5 14. exd5 Bd6 15. Ng5 Nf6 16. b3 h6 17. Ne4 Nxe4 18.
Bxe4 Qf6 19. Bb2 Be5 20. Bxe5 Qxe5 21. Re1 Qd6 22. Bg2 Rfe8 23. Rad1 Rad8 24. Rxe8+ Rxe8 25.
Qc4 Re5 26. a4 Re7 27. h3 Re5 28. Kh2 Rf5 29. Rd2 h5 30. h4 Re5 31. Be4 a6 32. f4 Re7 33. Qd3 b5 34. a5 g6 35.
f5 Qe5 36. Bf3 Qxf5 37. Qxf5 gxf5 38. d6 Bxf3 39. dxe7 Bc6 40. Rd8+ Kg7 41. e8=Q Bxe8 42. Rxe8 Kf6 43. Rc8 c4 44. bxc4 1-0

[Event "Early-Titled-Tuesday-Blitz-November-28-2023"]
[Site "Chess.com"]
[Date "2023.11.28"]
[Round "5"]
[White "GAusal"]
[Black "Nf3c5"]
[Result "1/2-1/2"]
[WhiteElo "2297"]
[BlackElo "2491"]
[TimeControl "180+1"]
[EndTime "8:58:06 PST"]
[Termination "Game drawn by repetition"]

1. d4 Nf6 2. Nf3 g6 3. c4 Bg7 4. Nc3 d5 5. Bg5 dxc4 6. Qa4+ c6 7. Qxc4 b5 8. Qd3 Bb7 9. e3 Nbd7 10. Be2 a6 11.
O-O c5 12. dxc5 Nxc5 13. Qxd8+ Rxd8 14. Rfd1 O-O 15. Rac1 Rxd1+ 16. Rxd1 Rc8 17. Nd4 h6 18. Bf4 Nfe4 19. Bg3 Nxc3 20. bxc3 Na4 21. c4 bxc4 22.
Rb1 Be4 23. Rc1 Bxd4 24. exd4 Bd5 25. f3 f6 26. Bd1 Nb2 27. Be2 Kf7 28. Be1 Na4 29. Ba5 Rc6 30. Kf2 Ke6 31. Ke3 Kd6 32. Bd8 Kd7 33. Ba5 Nb6 34. Bxb6 Rxb6 35. Bxc4 Rc6 36. Kd3 Kd6 37. Rc2 a5 38. Bxd5 Rxc2 39. Kxc2 Kxd5 40. Kc3 a4 41. a3 g5 42. g4 e6 43. h3 f5 44. Kd3 f4 45. Kc3 e5 46.
dxe5 Kxe5 47. Kd3 Kd5 48. Kc3 Kc5 49. Kd3 Kd5 50. Kc3 Kc5 51. Kd3 Kd5 1/2-1/2

[Event "Early-Titled-Tuesday-Blitz-November-28-2023"]
[Site "Chess.com"]
[Date "2023.11.28"]
[Round "5"]
[White "BardArtem"]
[Black "vishwa_vijeta"]
[Result "0-1"]
[WhiteElo "2759"]
[BlackElo "2558"]
[TimeControl "180+1"]
[EndTime "8:58:07 PST"]
[Termination "vishwa_vijeta won on time"]

1. e4 c5 2. c3 d5 3. exd5 Qxd5 4. d4 Nc6 5. Nf3 Bf5 6. Be3 Nf6 7. Qb3 Qxb3 8. axb3 cxd4 9. Nxd4 Nxd4 10. Bxd4 e5 11.
Bxe5 O-O-O 12. Nd2 Bc5 13. Be2 Rhe8 14. f4 Nd7 15.
Nf3 f6 16. Bd4 Bd3 17. Ng1 Bxd4 18. cxd4 Bxe2 19. Nxe2 Re3 20. Kf2 Rxb3 21. Rxa7 Kb8 22. Ra2 Rc8 23. Rc1 Nb6 24. Rxc8+ Kxc8 25. Ra3 Rxb2 26. Rg3 g6 27. Rh3 Nd5 28. Ke1 Rxe2+ 29. Kf1 Re7 30. Ra3 b5 31. g3 b4 32. Rb3 Re3 33. Rb2 b3 34. Kf2 Rc3 35. Ke1 Nb4 36. g4 Kd7 0-1